AoeStats
← Darkrio

Black Forest

509120685Analyzed
3v3 RM · 8d ago on Sep 25, 2026· 57m 38s· 6 players
Game mode
Random Map
Map size
Normal (6 player)
Population
200
Speed
Normal
Resources
Standard
Victory
Conquest
Starting age
Dark Age
Ending age
Imperial Age
RankedLock teamsTeams togetherTeam positionsShared explorationLock speedFull tech treeHidden civsTurbo modeCheats
Victory
Defeat
🇮🇩 Danes · Indonesia
613
+15
🇪🇸 Franks · Spain
610
+15
🇳🇱 Teutons · Netherlands
523
+17
🇨🇿 Romans · Czechia
593
-16
🇬🇧 Portuguese · United Kingdom
582
-16
🇨🇿 Bohemians · Czechia
560
-15
Darkrio
7:54 Loom
15:28 Feudal Age
17:00 Wheelbarrow
16:14 Double-Bit Axe
16:13 Horse Collar
21:26 Castle Age
21:39 Scale Mail Armor
22:19 Bow Saw
22:38 Chain Mail Armor
24:08 Forging
25:09 Hand Cart
26:50 Heavy Plow
26:56 Caravan
28:07 Iron Casting
28:55 Fletching
29:06 Padded Archer Armor
34:36 Imperial Age
36:42 Chemistry
36:35 Conscription
38:50 Elite Teutonic Knight
40:14 Plate Mail Armor
41:36 Crop Rotation
42:14 Two-Man Saw
41:57 Bloodlines
41:08 Cavalier
44:30 Blast Furnace
43:30 Capped Ram
46:08 Ballistics
46:04 Fortified Wall
47:32 Elite Skirmisher
49:24 Bodkin Arrow
49:45 Leather Archer Armor
52:33 Ring Archer Armor
52:10 Scale Barding Armor
56:48 Paladin
zenpegasus4
1:38 Loom
13:52 Feudal Age
15:44 Town Watch
15:58 Gold Mining
16:39 Double-Bit Axe
21:41 Wheelbarrow
23:27 Castle Age
27:36 Gold Shaft Mining
28:07 Wheelbarrow
27:58 Fletching
29:44 Scale Barding Armor
31:49 Chain Barding Armor
32:05 Hand Cart
32:07 Bow Saw
33:37 Coinage
38:57 Imperial Age
37:24 Forging
39:36 Iron Casting
39:05 Town Patrol
39:11 Husbandry
39:42 Onager
41:33 Cavalier
44:19 Stone Mining
44:56 Paladin
51:31 Blast Furnace
BlueGuardian
2:28 Loom
14:12 Feudal Age
14:40 Double-Bit Axe
14:36 Horse Collar
21:37 Castle Age
19:47 Gold Mining
19:36 Man-at-Arms
21:37 Wheelbarrow
22:34 Bow Saw
22:25 Heavy Plow
23:06 Forging
23:00 Scale Mail Armor
24:31 Caravan
26:44 Stone Mining
28:13 Iron Casting
34:03 Imperial Age
32:45 Hand Cart
32:11 Long Swordsman
33:09 Chain Mail Armor
34:49 Gold Shaft Mining
34:06 Onager
35:44 Town Watch
36:21 Redemption
37:17 Siege Engineers
37:43 Northmen's Fury
38:29 Siege Onager
38:36 Two-Handed Swordsman
39:49 Squires
39:56 Champion
40:25 Gambesons
41:45 Blast Furnace
41:16 Plate Mail Armor
40:45 Hamask
42:06 Block Printing
42:52 Ballistics
42:34 Arson
43:21 Padded Archer Armor
45:12 Conscription
44:17 Elite Jomsviking
Marryhuan84
2:38 Loom
12:14 Feudal Age
14:02 Wheelbarrow
13:14 Double-Bit Axe
22:55 Castle Age
22:39 Horse Collar
22:51 Gold Mining
22:55 Stone Mining
24:50 Bow Saw
31:22 Hand Cart
31:45 Heavy Plow
31:28 Man-at-Arms
31:54 Gambesons
34:55 Imperial Age
34:57 Stone Shaft Mining
34:38 Forging
34:28 Scale Mail Armor
35:48 Fortified Wall
36:55 Two-Man Saw
36:31 Crop Rotation
37:04 Heated Shot
38:22 Conscription
37:27 Long Swordsman
38:22 Caravan
41:12 Arquebus
41:47 Elite Organ Gun
41:54 Two-Handed Swordsman
43:56 Champion
50:23 Pikeman
51:35 Halberdier
Dvor9269
0:48 Loom
12:34 Feudal Age
13:10 Double-Bit Axe
13:09 Horse Collar
22:55 Castle Age
22:33 Gold Mining
22:34 Stone Mining
24:48 Bow Saw
28:22 Gold Shaft Mining
30:01 Heavy Plow
33:40 Caravan
34:11 Coinage
37:28 Imperial Age
39:22 Wheelbarrow
39:24 Ballistas
38:41 Elite Centurion
41:04 Banking
40:45 Guilds
41:49 Crop Rotation
41:24 Heavy Scorpion
41:25 Onager
44:28 Man-at-Arms
45:08 Squires
45:23 Forging
45:14 Scale Mail Armor
45:19 Scale Barding Armor
46:18 Long Swordsman
48:14 Legionary
nLife GScott
0:30 Loom
13:51 Feudal Age
14:14 Horse Collar
14:25 Double-Bit Axe
25:45 Castle Age
27:55 Bow Saw
28:07 Caravan
29:08 Heavy Plow
32:31 Chemistry
38:42 Imperial Age
39:23 Wheelbarrow
39:36 Ballistics
39:21 Houfnice
39:29 Elite Hussite Wagon
40:31 Conscription
44:09 Two-Man Saw
43:23 Siege Engineers
Connection lost

Rejoining the realm…

Still unreachable

The connection could not be restored.

Session expired

The server has moved on; the page needs a fresh start.